 Dungeon Crawl Stone Soup version 0.29.1-1-gd02db6906a (webtiles) character file.

Game seed: 8717378545338024940

2 jc4bs the Shield-Bearer (level 1, -3/19 HPs)
             Began as a Minotaur Fighter on Oct 11, 2022.
             Slain by a goblin
             ... wielding a +0 club
             ... led by Robin
              (5 damage)
             ... on level 2 of the Dungeon.
             The game lasted 00:05:35 (226 turns).

jc4bs the Shield-Bearer (Minotaur Fighter)           Turns: 226, Time: 00:05:35

Health: -3/19      AC:  6    Str: 20    XL:     1   Next: 33%
Magic:  0/0        EV:  9    Int:  5    God:
Gold:   0          SH:  4    Dex:  9    Spells: 0/0 levels left

rFire   . . .      SeeInvis .   a - +0 trident
rCold   . . .      Faith    .   c - +0 buckler
rNeg    . . .      Spirit   .   b - +0 scale mail
rPois   .          Reflect  .   (helmet restricted)
rElec   .          Harm     .   (no cloak)
rCorr   .          Rampage  .   (no gloves)
Will    .....                   (no boots)
Stlth   ..........              (no amulet)
HPRegen 0.06/turn               (no ring)
MPRegen 0.07/turn               (no ring)

@: no status effects
A: horns 2, retaliatory headbutt
a: no special abilities


You were on level 2 of the Dungeon.
You visited 1 branch of the dungeon, and saw 2 of its levels.

Inventory:

Hand Weapons
 a - a +0 trident (weapon)
Armour
 b - a +0 scale mail (worn)
 c - a +0 buckler (worn)
Scrolls
 f - a scroll of identify {unknown}
Potions
 d - a potion of might


   Skills:
 + Level 3.6 Fighting
 + Level 2.4 Polearms
 + Level 3.6 Armour
 + Level 3.9 Shields


You couldn't memorise any spells.
You didn't know any spells.
Your spell library was empty.

Dungeon Overview and Level Annotations

Branches:
Dungeon (2/15)

Altars:

Shops:
D:1 ?

Annotations:
D:2 Robin


Innate Abilities, Weirdness & Mutations

You have a pair of horns on your head.
You reflexively headbutt those who attack you in melee.


Message History

The hobgoblin hits you but does no damage.
The hobgoblin closely misses you. You furiously retaliate!
You headbutt the hobgoblin. The goblin closely misses you.
The goblin hits you but does no damage. The goblin hits you with a +0 dagger.
The hobgoblin closely misses you. You furiously retaliate!
You headbutt the hobgoblin. You block the goblin's attack.
The hobgoblin hits you. The goblin hits you but does no damage.
The goblin completely misses you.
You hit the hobgoblin. You headbutt the hobgoblin.
You kill the hobgoblin!
Robin roars a battlecry!
The goblins go into a battle-frenzy!
The goblin hits you but does no damage. The goblin misses you.
The hobgoblin barely misses you. You furiously retaliate!
You headbutt the hobgoblin!
You kill the hobgoblin!
The goblin closely misses you.
You hit the hobgoblin. You headbutt the hobgoblin.
The hobgoblin is almost dead.
The goblin hits you with a +0 dagger. You block the hobgoblin's attack.
The goblin completely misses you. The goblin barely misses you.
The goblin closely misses you.
You closely miss the hobgoblin.
The hobgoblin is almost dead.
The goblin hits you but does no damage. The hobgoblin barely misses you.
The goblin hits you but does no damage. You block the goblin's attack.
The goblin hits you but does no damage.
You closely miss the hobgoblin.
The hobgoblin is almost dead.
You block the goblin's attack. The hobgoblin barely misses you.
The goblin hits you but does no damage. x2; The goblin barely misses you.
You puncture the hobgoblin!
You kill the hobgoblin!
The goblin hits you with a +0 club. The goblin hits you with a +0 dagger.
* * * LOW HITPOINT WARNING * * *
The goblin hits you but does no damage. The goblin misses you.
The goblin hits you with a +0 dagger.
* * * LOW HITPOINT WARNING * * *
The goblin hits you with a +0 club.
You die...

########
#g@ggg.#
#gggg..#
#ggr....$.
#......#.#
#.........
#......#.#
#......# #
#......#


You could see Robin, a quokka, a hobgoblin (strong) and 8 goblins.

Vanquished Creatures
  3 hobgoblins (D:2)
3 creatures vanquished.

Vanquished Creatures (others)
  5 plants (D:1)
5 creatures vanquished.

Grand Total: 8 creatures vanquished

Notes
Turn   | Place    | Note
-------+----------+-------------------------------------------
     0 | D:1      | jc4bs the Minotaur Fighter began the quest for the Orb.
     0 | D:1      | Reached XP level 1. HP: 19/19 MP: 0/0
    38 | D:1      | Found Teapp's Magic Scroll Shop.
   216 | D:2      | Noticed Robin
   217 | D:2      | Identified a scroll of acquirement
   217 | D:2      | Acquired a manual of Shields
   226 | D:2      | Slain by a goblin

Illustrated notes

Levels and vault maps discovered:
D:1:      roderic_crop_circles_arrival_small, layout_loops_ring,
          serial_co_window_serial, co_window_paths_a, co_window_corner_a,
          co_window_corner_a, co_window_of_opportunity_a, co_window_corner_a,
          co_window_cross_1, co_window_paths_b, co_window_broadway_c,
          co_window_corner_b, co_window_paths_c, serial_shops,
          nicolae_shop_crystal, nicolae_shop_statue_plus, shop,
          nicolae_shop_statue_plus, minmay_tetromino_o4
D:2:      layout_rooms, basic_altar, uniq_sigmund, uniq_robin

Action                   || total
-------------------------++-------
Melee: Trident           ||    17
       Headbutt          ||     6
  Use: Scroll            ||     1
Armor: Scale mail        ||    12
Dodge: Dodged            ||    19
Block: Buckler           ||     5
